 Dungeon Crawl Stone Soup version 0.20.0-8-g6b59dc7 (webtiles) character file.

463 HungrySpirit the Ruffian (level 7, -10/55 HPs)
             Began as a Barachi Hunter on June 3, 2017.
             Blown up by Ijyb (14 damage)
             ... with a wand of disintegration (?/24)
             ... on level 4 of the Dungeon.
             The game lasted 00:09:22 (4431 turns).

HungrySpirit the Ruffian (Barachi Hunter)           Turns: 4431, Time: 00:09:22

Health: -10/55     AC:  5    Str: 14    XL:     7   Next: 7%
Magic:  7/7        EV: 15    Int: 12    God:
Gold:   183        SH:  2    Dex: 16    Spells: 6/6 levels left

rFire    . . .     SeeInvis .     - Unarmed
rCold    . . .     Gourm    .   (no shield)
rNeg     + . .     Faith    .   l - +2 robe {rN+}
rPois    .         Spirit   .   t - +0 helmet
rElec    .         Reflect  +   (no cloak)
rCorr    .         Harm     .   (no gloves)
MR       .....                  (no boots)
Stlth    ++........             g - +2 amulet of reflection
Regen    0.2/turn               v - +3 ring of dexterity
MPRegen  0.1/turn               (no ring)

@: slow
A: +LOS, swims, slowness 1, strong legs 1
a: Hop


You were on level 4 of the Dungeon.
You were not hungry.

You visited 1 branch of the dungeon, and saw 4 of its levels.

You collected 183 gold pieces.

Inventory:

Hand Weapons
 a - a +1 short sword
Missiles
 e - 2 javelins (quivered)
 m - 12 poisoned needles
 y - a throwing net
Armour
 l - a +2 robe of positive energy (worn)
 t - a +0 helmet (worn)
Jewellery
 g - a +2 amulet of reflection (around neck)
 v - a +3 ring of dexterity (left hand)
Scrolls
 h - a scroll of noise {unknown}
 k - a scroll of fog
 n - 3 scrolls of remove curse
 p - a scroll of immolation
 q - a scroll of recharging {unknown}
 s - 2 scrolls of teleportation {unknown}
 u - a scroll of fear {unknown}
 w - a scroll of blinking {unknown}
Potions
 d - a potion of mutation {unknown}
 j - a potion of agility {unknown}
 o - 2 potions of resistance {unknown}
Comestibles
 b - 2 chunks of flesh
 f - a bread ration
 i - a fruit
 r - 3 royal jellies


   Skills:
 - Level 4.3 Fighting
 - Level 4.0 Throwing
 + Level 4.4 Dodging
 - Level 0.8 Stealth
 * Level 5.6 Unarmed Combat


You had 6 spell levels left.
You didn't know any spells.

Dungeon Overview and Level Annotations

Branches:
Dungeon (4/15)
 Temple: D:4-7

Altars:
Ashenzari
Gozag

Annotations:
D:3 zhorgal's ghost, amateur TrMo
D:4 Ijyb


Innate Abilities, Weirdness & Mutations

Shadows flee at your approach. (+LOS)
You can swim through water.
You cover ground slowly.
You can hop short distances.


Message History

You swing at nothing.
You start resting.
Eating one of 3 chunks of flesh.
You eat one of the 3 chunks of flesh.
This raw flesh tastes terrible.
Your transformation is almost over.
You start resting.
You feel less wooden.
Your +0 helmet unmelds from your body.
Your +2 robe of positive energy unmelds from your body.
You feel more protected from negative energy.
You start resting.
Ijyb the Twisted Goblin comes into view.
Ijyb is nearby!
Ijyb shouts!
Ijyb zaps a wand.
You are blasted!
* * * LOW HITPOINT WARNING * * *
It is a wand of disintegration (?/24).
There is a stone staircase leading up, spattered with blood here.
Ijyb zaps a wand.
You are blasted!
You die...

.## .. ## #.#
##.#####..#
#........# ###
#.......# #.#
#.....<.# ##.###
#.......####....###
#......@.....>....#
##...?..........###
##............##
#...........##
#........#..>#
##..##...####g#
##.####...## #.#
##.## #....## ((#
###.## #.....##
#..#


You could see Ijyb.

Vanquished Creatures
  Sigmund (D:3)
  An ogre (D:4)
  Jessica (D:3)
  A worker ant (D:4)
  Robin (D:3)
  4 adders
  An adder skeleton (D:4)
  3 worms
  5 dart slugs
  5 leopard geckos
  4 giant cockroaches
  15 goblins
  10 hobgoblins
  8 jackals
  A quokka (D:2)
  6 bats
  6 frilled lizards
  10 kobolds
  9 rats
92 creatures vanquished.

Notes
Turn   | Place    | Note
-------+----------+-------------------------------------------
     0 | D:1      | HungrySpirit the Barachi Hunter began the quest for the Orb.
     0 | D:1      | Reached XP level 1. HP: 17/17 MP: 1/1
   462 | D:1      | Reached skill level 1 in Unarmed Combat
   462 | D:1      | Reached XP level 2. HP: 21/23 MP: 2/2
  1088 | D:1      | Reached skill level 2 in Unarmed Combat
  1088 | D:1      | Reached XP level 3. HP: 23/28 MP: 3/3
  1868 | D:2      | Reached XP level 4. HP: 34/35 MP: 4/4
  2678 | D:2      | Reached skill level 3 in Unarmed Combat
  2724 | D:2      | Found an opulent altar of Gozag.
  2842 | D:3      | Noticed Sigmund
  2847 | D:3      | Killed Sigmund
  2847 | D:3      | Reached skill level 4 in Unarmed Combat
  2847 | D:3      | Reached XP level 5. HP: 31/42 MP: 5/5
  2847 | D:3      | Reached XP level 6. HP: 36/48 MP: 6/6
  2983 | D:3      | Noticed zhorgal's ghost (amateur TrMo)
  3120 | D:3      | Noticed Robin
  3340 | D:3      | Killed Robin
  3424 | D:3      | Noticed Jessica
  3526 | D:3      | Found a shattered altar of Ashenzari.
  4099 | D:3      | Killed Jessica
  4354 | D:4      | Reached skill level 5 in Unarmed Combat
  4390 | D:4      | Reached XP level 7. HP: 23/55 MP: 7/7
  4425 | D:4      | Noticed Ijyb
  4425 | D:4      | HP: 2/55 [disintegration (18)]
  4431 | D:4      | Blown up by Ijyb

Skill      XL: |  1  2  3  4  5  6 |
---------------+-------------------+-----
Unarmed Combat | 1 2 4 5 |  5.6
Fighting       | 3 4 |  4.3
Dodging        | 3 4 |  4.4
Throwing       | |  4.0
Stealth        | |  0.8

Action                   |  1- 3 |  4- 6 |  7- 9 || total
-------------------------+-------+-------+-------++-------
Melee: Short sword       |    86 |    42 |       ||   128
       Unarmed           |       |   108 |     2 ||   110
       Punch             |       |     2 |       ||     2
Throw: Javelin           |    24 |    16 |       ||    40
       Throwing net      |       |     2 |       ||     2
  Use: Scroll            |       |     6 |       ||     6
       Potion            |       |     2 |       ||     2
 Stab: Sleeping          |       |     2 |       ||     2
  Eat: Chunk             |     3 |     9 |     1 ||    13
Armor: Leather armour    |    21 |    28 |       ||    49
       Robe              |       |     5 |       ||     5
       Skin              |       |     1 |     1 ||     2
Dodge: Dodged            |    56 |   101 |       ||   157
Block: Other             |    10 |    11 |       ||    21
       Reflection        |     1 |     1 |       ||     2
